 Dungeon Crawl Stone Soup version 0.29.0-4-gdea44cf6ec (webtiles) character file.

Game seed: 17808446575539609000

2097 qw the Chopper (level 9, -3/74 HPs)
             Began as a Ghoul Summoner on Sept 10, 2022.
             Slain by a vampire mosquito (4 damage)
             ... on level 6 of the Dungeon.
             The game lasted 00:03:36 (7730 turns).

qw the Chopper (Ghoul Summoner)                     Turns: 7730, Time: 00:03:37

Health: -3/74      AC: 13    Str: 16    XL:     9   Next: 28%
Magic:  10/10      EV:  9    Int:  7    God:
Gold:   307        SH:  8    Dex:  9    Spells: 10/11 levels left

rFire   . . .      SeeInvis .   e - +0 war axe
rCold   + + +      Faith    .   q - +0 kite shield
rNeg    + + +      Spirit   .   h - +0 chain mail
rPois   inf        Reflect  .   (no helmet)
rElec   .          Harm     .   p - +0 cloak
rCorr   .          Rampage  .   d - +0 pair of gloves
Will    +++..                   n - +1 pair of boots of the True Pharaoh {rPois rC++ Will+++ Int-3}
Stlth   ..........              (no amulet)
HPRegen 0.00/turn               l - +4 ring of slaying {mikee}
MPRegen 0.12/turn               a - +4 ring of evasion

@: inhibited regen
A: claws 1, cold resistance 1, negative energy resistance 3, inhibited
regeneration, torment resistance 2, devour on kill
a: no special abilities


You were on level 6 of the Dungeon.
You visited 1 branch of the dungeon, and saw 6 of its levels.
You also visited: Ossuary.

You collected 349 gold pieces.
You spent 42 gold pieces at shops.


Innate Abilities, Weirdness & Mutations

You are immune to poison.
You have sharp fingernails.
Your flesh is cold resistant. (rC+)
You are immune to negative energy. (rN+++)
You do not regenerate when monsters are visible.
You are immune to unholy pain and torment.
You thrive by killing the living.


   Skills:
 - Level 5.1 Fighting
 + Level 7.7 Axes
 - Level 3.0 Armour
 - Level 1.7 Dodging
 - Level 2.1 Stealth
 - Level 5.0 Shields
 - Level 1.7 Spellcasting
 - Level 3.6 Summonings


You had 10 spell levels left.
You knew the following spells:

 Your Spells              Type           Power      Damage    Failure   Level
a - Summon Small Mammal   Summ           20%        N/A       99%         1

Your spell library contained the following spells:

 Spells                   Type           Power      Damage    Failure   Level
 Call Imp                 Summ           5%         N/A       100%        2
 Call Canine Familiar     Summ           5%         N/A       100%        3
 Summon Guardian Golem    Hex/Summ       3%         N/A       100%        3
 Summon Lightning Spire   Summ/Air       3%         N/A       100%        4

Inventory:

Hand Weapons
 e - a +0 war axe (weapon)
 f - a +1 flail
Armour
 d - a +0 pair of gloves (worn)
 h - a +0 chain mail (worn)
 n - the +1 pair of boots of the True Pharaoh (worn) {rPois rC++ Will+++ Int-3}
   (You found it on level 2 of the Dungeon)

   Int:       It affects your intelligence (-3).
   rC:        It greatly protects you from cold.
   rPois:     It protects you from poison.
   Will:      It greatly increases your willpower.
 p - a +0 cloak (worn)
 q - a +0 kite shield (worn)
Jewellery
 a - a +4 ring of evasion (right hand)
 l - a +4 ring of slaying (left hand) {mikee}
Scrolls
 b - 2 scrolls of identify
Potions
 c - 4 potions of curing
 g - a potion of cancellation {unknown}
 i - 5 potions of might
 j - a potion of haste {unknown}
 k - a potion of heal wounds {unknown}
 r - a potion of brilliance {unknown}

Dungeon Overview and Level Annotations

Branches:
Dungeon (6/15)            Ossuary (visited)
 Temple: D:4-7

Altars:
Cheibriados
Yredelemnul

Shops:
D:4 (


Message History

You hit the vampire mosquito. You miss the vampire mosquito.
The vampire mosquito bites you.
You block the vampire mosquito's attack.
The vampire mosquito completely misses you.
The vampire mosquito bites you but does no damage.
The vampire mosquito bites you.
The vampire mosquito closely misses you.
The vampire mosquito bites you!
You barely miss the vampire mosquito.
The vampire mosquito is severely damaged.
You hit the vampire mosquito. You slash the vampire mosquito!
The vampire mosquito barely misses you.
You block the vampire mosquito's attack.
The vampire mosquito bites you but does no damage. x2
You block the vampire mosquito's attack. x2
The vampire mosquito bites you but does no damage.
The vampire mosquito misses you.
You completely miss the vampire mosquito.
The vampire mosquito is severely damaged.
You barely miss the vampire mosquito. You hit the vampire mosquito.
You block the vampire mosquito's attack. x3
The vampire mosquito closely misses you.
The vampire mosquito bites you! The vampire mosquito bites you.
You block the vampire mosquito's attack.
You closely miss the vampire mosquito.
The vampire mosquito is severely damaged.
You closely miss the vampire mosquito. You slash the vampire mosquito!
The vampire mosquito barely misses you.
You block the vampire mosquito's attack.
The vampire mosquito bites you. x2
The vampire mosquito closely misses you.
The vampire mosquito bites you but does no damage. x3
You barely miss the vampire mosquito.
The vampire mosquito is severely damaged.
You slash the vampire mosquito! You hit the vampire mosquito.
The vampire mosquito barely misses you. The vampire mosquito bites you!
The vampire mosquito barely misses you.
The vampire mosquito bites you but does no damage.
The vampire mosquito bites you.
You die...

#.#.###.###
#.........#
#.#.########.........#
.....................>
#.#.###.#####.........
#...# #......... #.###
#......... #.#
#......... #@#
##+###.##.
.....?yyy...... #.##.
.......F####... .. #.
......... ... #.
......... .. #+
#######... #.## #.#


You could see 3 vampire mosquitoes and a bullfrog.

Vanquished Creatures
  Grinder (D:3)
  A steam dragon (D:6)
  Pargi (D:3)
  An ice beast (D:6)
  3 ogres
  A phantom (D:6)
  An elf zombie (Ossuary)
  6 scorpions
  A centaur zombie (Ossuary)
  3 human zombies (Ossuary)
  A jelly (D:6)
  2 orc priests (D:6)
  5 hounds
  An iguana (D:5)
  Jessica (D:2)
  Ijyb (D:5)
  2 orc wizards
  3 mummies (Ossuary)
  4 gnolls (D:5)
  13 adders
  2 white imps (D:6)
  2 ufetubi
  2 adder zombies (Ossuary)
  2 worms (D:2)
  4 dart slugs
  11 orcs
  4 endoplasms
  5 giant cockroaches
  4 goblins
  12 hobgoblins
  6 kobolds
  3 quokkas
  4 ball pythons
  4 bats
  3 frilled lizards
  4 goblin zombies (Ossuary)
  9 hobgoblin zombies (Ossuary)
  3 jackal zombies (Ossuary)
  3 kobold zombies (Ossuary)
  2 orc zombies (Ossuary)
  2 quokka zombies (Ossuary)
  5 rats
  3 rat zombies (Ossuary)
151 creatures vanquished.

Vanquished Creatures (collateral kills)
  2 ball pythons (D:1)
  2 endoplasms (D:1)
  A hobgoblin (D:1)
5 creatures vanquished.

Vanquished Creatures (others)
  6 fungi (D:5)
6 creatures vanquished.

Grand Total: 162 creatures vanquished

Notes
Turn   | Place    | Note
-------+----------+-------------------------------------------
     0 | D:1      | qw the Ghoul Summoner began the quest for the Orb.
     0 | D:1      | Reached XP level 1. HP: 14/14 MP: 2/2
     0 | D:1      | 0 ||| qw: Version: 0.1-a-113-g051387a
     0 | D:1      | 0 ||| qw: Game counter: 7379
     0 | D:1      | 0 ||| qw: Always use a shield: true
     0 | D:1      | 0 ||| qw: God list: Okawaru
     0 | D:1      | 0 ||| qw: Allow faded altars: false
     0 | D:1      | 0 ||| qw: Do Orc after D:15 true
     0 | D:1      | 0 ||| qw: Do second Lair branch before Depths: true
     0 | D:1      | 0 ||| qw: Lair rune preference: random
     0 | D:1      | 0 ||| qw: Plans: Normal
     0 | D:1      | 0 ||| PLANNING D:1-11
    13 | D:1      | 13 ||| CASTING Summon Small Mammal
    14 | D:1      | 14 ||| CASTING Summon Small Mammal
    43 | D:1      | 43 ||| CASTING Summon Small Mammal
    44 | D:1      | 44 ||| CASTING Summon Small Mammal
    73 | D:1      | 73 ||| Wielding weapon +0 flail.
    81 | D:1      | 81 ||| CASTING Summon Small Mammal
    82 | D:1      | 82 ||| CASTING Summon Small Mammal
    93 | D:1      | Reached skill level 1 in Axes
   111 | D:1      | 111 ||| CASTING Summon Small Mammal
   112 | D:1      | 112 ||| CASTING Summon Small Mammal
   122 | D:1      | 122 ||| CASTING Summon Small Mammal
   212 | D:1      | 212 ||| CASTING Summon Small Mammal
   213 | D:1      | 213 ||| CASTING Summon Small Mammal
   224 | D:1      | 224 ||| CASTING Summon Small Mammal
   227 | D:1      | Reached XP level 2. HP: 21/22 MP: 0/3
   270 | D:1      | 270 ||| CASTING Summon Small Mammal
   271 | D:1      | 271 ||| CASTING Summon Small Mammal
   272 | D:1      | 272 ||| CASTING Summon Small Mammal
   276 | D:1      | 276 ||| Stepping ~*~*~tactically~*~*~ (outnumbered).
   277 | D:1      | 277 ||| Stepping ~*~*~tactically~*~*~ (outnumbered).
   278 | D:1      | 278 ||| Stepping ~*~*~tactically~*~*~ (outnumbered).
   279 | D:1      | 279 ||| Stepping ~*~*~tactically~*~*~ (outnumbered).
   280 | D:1      | 280 ||| Stepping ~*~*~tactically~*~*~ (outnumbered).
   281 | D:1      | 281 ||| Stepping ~*~*~tactically~*~*~ (outnumbered).
   282 | D:1      | 282 ||| Stepping ~*~*~tactically~*~*~ (outnumbered).
   283 | D:1      | 283 ||| CASTING Summon Small Mammal
   285 | D:1      | Reached skill level 1 in Fighting
   412 | D:1      | 412 ||| CASTING Summon Small Mammal
   413 | D:1      | 413 ||| CASTING Summon Small Mammal
   414 | D:1      | 414 ||| CASTING Summon Small Mammal
   469 | D:1      | 469 ||| Stepping ~*~*~tactically~*~*~ (stealth).
   470 | D:1      | 470 ||| CASTING Summon Small Mammal
   471 | D:1      | 471 ||| CASTING Summon Small Mammal
   472 | D:1      | 472 ||| CASTING Summon Small Mammal
   576 | D:1      | 576 ||| CASTING Summon Small Mammal
   577 | D:1      | 577 ||| CASTING Summon Small Mammal
   578 | D:1      | 578 ||| CASTING Summon Small Mammal
   587 | D:1      | 587 ||| CASTING Summon Small Mammal
   775 | D:1      | 775 ||| CASTING Summon Small Mammal
   776 | D:1      | 776 ||| CASTING Summon Small Mammal
   777 | D:1      | 777 ||| CASTING Summon Small Mammal
   780 | D:1      | 780 ||| Stepping ~*~*~tactically~*~*~ (stealth).
   786 | D:1      | 786 ||| CASTING Summon Small Mammal
   895 | D:1      | Found a faded altar of an unknown god.
   955 | D:1      | 955 ||| CASTING Summon Small Mammal
   956 | D:1      | 956 ||| CASTING Summon Small Mammal
   957 | D:1      | 957 ||| CASTING Summon Small Mammal
  1106 | D:1      | 1106 ||| UPGRADING to +0 pair of gloves.
  1111 | D:1      | 1111 ||| UPGRADING to +0 ring mail.
  1121 | D:1      | 1121 ||| DROPPING +0 robe.
  1122 | D:1      | 1122 ||| DROPPING scarf of invisibility.
  1123 | D:1      | 1123 ||| UPGRADING to +4 ring of slaying {mikee}.
  1124 | D:1      | 1124 ||| READING scroll labelled AFOURA SEZO.
  1129 | D:1      | 1129 ||| READING scroll labelled QAFYXAULUTH.
  1130 | D:1      | 1130 ||| DRINKING 2 fizzy black potions.
  1131 | D:1      | 1131 ||| DRINKING 2 green potions.
  1132 | D:1      | 1132 ||| DROPPING potion of magic.
  1133 | D:1      | 1133 ||| DROPPING potion of degeneration.
  1185 | D:2      | Reached skill level 2 in Axes
  1185 | D:2      | Reached XP level 3. HP: 28/28 MP: 4/4
  1203 | D:2      | 1203 ||| Stepping ~*~*~tactically~*~*~ (stealth).
  1204 | D:2      | 1204 ||| Stepping ~*~*~tactically~*~*~ (stealth).
  1242 | D:2      | 1242 ||| Stepping ~*~*~tactically~*~*~ (stealth).
  1254 | D:2      | 1254 ||| Stepping ~*~*~tactically~*~*~ (stealth).
  1261 | D:2      | 1261 ||| Stepping ~*~*~tactically~*~*~ (stealth).
  1262 | D:2      | 1262 ||| Stepping ~*~*~tactically~*~*~ (stealth).
  1263 | D:2      | 1263 ||| Stepping ~*~*~tactically~*~*~ (stealth).
  1271 | D:2      | Reached XP level 4. HP: 36/36 MP: 5/5
  1276 | D:2      | 1276 ||| Stepping ~*~*~tactically~*~*~ (stealth).
  1284 | D:2      | 1284 ||| Stepping ~*~*~tactically~*~*~ (outnumbered).
  1518 | D:2      | 1518 ||| Stepping ~*~*~tactically~*~*~ (stealth).
  1522 | D:2      | 1522 ||| Stepping ~*~*~tactically~*~*~ (stealth).
  1704 | D:2      | Reached skill level 3 in Axes
  1945 | D:2      | Noticed Jessica
  1946 | D:2      | 1946 ||| Stepping ~*~*~tactically~*~*~ (hiding).
  1953 | D:2      | Killed Jessica
  1954 | D:2      | Reached XP level 5. HP: 22/41 MP: 6/6
  2098 | D:2      | Identified the +1 pair of boots of the True Pharaoh {rPois
                  | rC++ Will+++ Int-3}
  2198 | D:2      | 2198 ||| UPGRADING to +1 pair of boots of the True Pharaoh
                  | {rPois rC++ Will+++ Int-3}.
  2203 | D:2      | 2203 ||| UPGRADING to +4 ring of evasion.
  2204 | D:2      | 2204 ||| READING 3 scrolls labelled UCEBAOJ QAOM.
  2205 | D:2      | 2205 ||| READING scroll labelled TALATI EHARA.
  2206 | D:2      | 2206 ||| READING scroll labelled HIUZAINOGRIV.
  2207 | D:2      | 2207 ||| READING 2 scrolls of identify.
  2207 | D:2      | 2207 ||| IDENTIFYING lumpy red potion
  2310 | D:3      | Noticed Pargi
  2330 | D:3      | Killed Pargi
  2331 | D:3      | Reached skill level 4 in Axes
  2331 | D:3      | Reached XP level 6. HP: 19/48 MP: 7/7
  2334 | D:3      | 2334 ||| Stepping ~*~*~tactically~*~*~ (stealth).
  2335 | D:3      | 2335 ||| Stepping ~*~*~tactically~*~*~ (stealth).
  2664 | D:3      | 2664 ||| Stepping ~*~*~tactically~*~*~ (stealth).
  2669 | D:3      | 2669 ||| Stepping ~*~*~tactically~*~*~ (stealth).
  2770 | D:3      | Found a snail-covered altar of Cheibriados.
  2834 | D:3      | Reached skill level 3 in Fighting
  2937 | D:3      | Found a basalt altar of Yredelemnul.
  2954 | D:3      | Reached skill level 1 in Armour
  3160 | D:3      | Noticed Grinder
  3171 | D:3      | Killed Grinder
  3172 | D:3      | Reached skill level 5 in Axes
  3172 | D:3      | Reached XP level 7. HP: 18/57 MP: 8/8
  3629 | D:3      | 3629 ||| UPGRADING to +0 cloak.
  3634 | D:3      | 3634 ||| UPGRADING to +0 kite shield.
  3639 | D:3      | 3639 ||| READING scroll labelled REYRUK BYRPHUFY.
  3640 | D:3      | 3640 ||| READING scroll labelled REFOUN MUUSAU.
  3641 | D:3      | 3641 ||| READING scroll labelled NUUTOG MASAMEXT.
  3642 | D:3      | 3642 ||| DRINKING 2 glowing green potions.
  3643 | D:3      | 3643 ||| READING 2 scrolls of identify.
  3643 | D:3      | 3643 ||| IDENTIFYING fuming red potion
  3644 | D:3      | 3644 ||| DROPPING potion of invisibility.
  3645 | D:3      | 3645 ||| DROPPING potion of berserk rage.
  3688 | D:4      | 3688 ||| PLANNING OSSUARY
  3716 | D:4      | 3716 ||| Stepping ~*~*~tactically~*~*~ (stealth).
  3721 | D:4      | 3721 ||| Stepping ~*~*~tactically~*~*~ (outnumbered).
  3722 | D:4      | 3722 ||| Stepping ~*~*~tactically~*~*~ (outnumbered).
  3723 | D:4      | 3723 ||| Stepping ~*~*~tactically~*~*~ (outnumbered).
  3729 | D:4      | Reached skill level 1 in Shields
  3820 | D:4      | 3820 ||| Stepping ~*~*~tactically~*~*~ (stealth).
  3820 | D:4      | Found Tuorank's Weapon Shop.
  3822 | D:4      | 3822 ||| Stepping ~*~*~tactically~*~*~ (stealth).
  3825 | D:4      | 3825 ||| Stepping ~*~*~tactically~*~*~ (stealth).
  3828 | D:4      | 3828 ||| BUYING +0 hand axe (42 gold).
  3828 | D:4      | Bought a +0 hand axe for 42 gold pieces
  3828 | D:4      | 3828 ||| SHOPLISTING +3 rapier of draining (338 gold, have
                  | 76).
  3828 | D:4      | 3828 ||| SWAPPING to +0 hand axe.
  3834 | D:4      | 3834 ||| Stepping ~*~*~tactically~*~*~ (stealth).
  3943 | D:4      | HP: 10/57 [scorpion (6)]
  3944 | D:4      | 3944 ||| READING 2 scrolls of teleportation.
  3947 | D:4      | 3947 ||| READING scroll of teleportation.
  4205 | D:4      | Found a sand-covered staircase.
  4206 | D:4      | 4206 ||| READING scroll labelled DELUEWE UDUON.
  4212 | Ossuary  | Entered an ossuary
  4251 | Ossuary  | 4251 ||| Stepping ~*~*~tactically~*~*~ (stealth).
  4263 | Ossuary  | Reached skill level 3 in Shields
  4447 | Ossuary  | 4447 ||| Stepping ~*~*~tactically~*~*~ (stealth).
  4640 | Ossuary  | 4640 ||| Stepping ~*~*~tactically~*~*~ (stealth).
  4642 | Ossuary  | 4642 ||| Stepping ~*~*~tactically~*~*~ (stealth).
  4660 | Ossuary  | 4660 ||| Stepping ~*~*~tactically~*~*~ (stealth).
  4677 | Ossuary  | Reached XP level 8. HP: 53/63 MP: 9/9
  4910 | Ossuary  | 4910 ||| Stepping ~*~*~tactically~*~*~ (stealth).
  4926 | Ossuary  | 4926 ||| READING scroll labelled YGEEDUK NULAF.
  4927 | Ossuary  | 4927 ||| READING scroll labelled VIUGIE KOWK.
  4928 | Ossuary  | 4928 ||| DRINKING 2 bubbling brown potions.
  5029 | Ossuary  | 5029 ||| DROPPING potion of ambrosia.
  5040 | D:4      | 5040 ||| PLANNING D:1-11
  5096 | D:4      | 5096 ||| Stepping ~*~*~tactically~*~*~ (stealth).
  5184 | D:4      | Reached skill level 6 in Axes
  5269 | D:4      | 5269 ||| Stepping ~*~*~tactically~*~*~ (stealth).
  5447 | D:4      | 5447 ||| Stepping ~*~*~tactically~*~*~ (stealth).
  5792 | D:4      | 5792 ||| DROPPING ring of resist corrosion.
  5793 | D:4      | 5793 ||| DRINKING 2 lumpy emerald potions.
  5794 | D:4      | 5794 ||| DRINKING 2 brown potions.
  5795 | D:4      | 5795 ||| DRINKING 2 golden potions.
  5796 | D:4      | 5796 ||| DROPPING potion of flight.
  5797 | D:4      | 5797 ||| DROPPING potion of lignification.
  5798 | D:4      | 5798 ||| DROPPING potion of attraction.
  5806 | D:5      | Entered Level 5 of the Dungeon
  6165 | D:5      | 6165 ||| FLEEEEING.
  6166 | D:5      | 6166 ||| FLEEEEING.
  6167 | D:5      | 6167 ||| FLEEEEING.
  6168 | D:5      | 6168 ||| FLEEEEING.
  6169 | D:5      | 6169 ||| FLEEEEING.
  6170 | D:5      | 6170 ||| FLEEEEING.
  6171 | D:5      | 6171 ||| FLEEEEING.
  6181 | D:5      | Noticed Ijyb
  6203 | D:5      | HP: 6/66 [Ijyb/bolt of acid (12)]
  6204 | D:5      | 6204 ||| READING scroll of teleportation.
  6207 | D:5      | HP: 2/66 [Ijyb/+0 dagger (4)]
  6281 | D:5      | HP: 11/66 [ogre/+0 giant club (6)]
  6286 | D:5      | Reached skill level 7 in Axes
  6579 | D:5      | 6579 ||| Stepping ~*~*~tactically~*~*~ (hiding).
  6596 | D:5      | Killed Ijyb
  6619 | D:5      | 6619 ||| Stepping ~*~*~tactically~*~*~ (stealth).
  6621 | D:5      | 6621 ||| Stepping ~*~*~tactically~*~*~ (hiding).
  6623 | D:5      | 6623 ||| Stepping ~*~*~tactically~*~*~ (hiding).
  7054 | D:5      | 7054 ||| UPGRADING to +0 chain mail.
  7064 | D:5      | 7064 ||| DROPPING +0 ring mail.
  7065 | D:5      | 7065 ||| READING scroll labelled VAPRIQUAHAPS.
  7104 | D:6      | Reached XP level 9. HP: 74/74 MP: 10/10
  7108 | D:6      | 7108 ||| Stepping ~*~*~tactically~*~*~ (hiding).
  7110 | D:6      | 7110 ||| Stepping ~*~*~tactically~*~*~ (hiding).
  7111 | D:6      | 7111 ||| Stepping ~*~*~tactically~*~*~ (hiding).
  7152 | D:6      | 7152 ||| Stepping ~*~*~tactically~*~*~ (stealth).
  7154 | D:6      | 7154 ||| Stepping ~*~*~tactically~*~*~ (hiding).
  7155 | D:6      | 7155 ||| Stepping ~*~*~tactically~*~*~ (hiding).
  7209 | D:6      | 7209 ||| Stepping ~*~*~tactically~*~*~ (hiding).
  7218 | D:6      | Reached skill level 3 in Armour
  7331 | D:6      | 7331 ||| SWAPPING to +0 war axe.
  7332 | D:6      | 7332 ||| DROPPING +0 hand axe.
  7411 | D:6      | 7411 ||| Stepping ~*~*~tactically~*~*~ (hiding).
  7717 | D:6      | 7717 ||| Stepping ~*~*~tactically~*~*~ (stealth).
  7719 | D:6      | 7719 ||| Stepping ~*~*~tactically~*~*~ (stealth).
  7728 | D:6      | HP: 17/74 [vampire mosquito (8)]
  7729 | D:6      | HP: 8/74 [vampire mosquito (3)]
  7730 | D:6      | HP: 1/74 [vampire mosquito (7)]
  7730 | D:6      | Slain by a vampire mosquito

Levels and vault maps discovered:
D:1:      amcnicky_arrival_underground_garden, layout_rooms,
          shapermc_ecumenical_altar_flowoftime
D:2:      layout_basic, minmay_diced_spiral, uniq_jessica
D:3:      layout_loops_corners, mainiacjoe_overflow_paths,
          mainiacjoe_overflow_concentric_impassable, uniq_grinder, uniq_pargi
D:4:      layout_basic, serial_shops, nicolae_shop_stone, enter_ossuary_2,
          sigmund_army
D:5:      layout_basic, dreamdust_gnoll_farm, uniq_ijyb
D:6:      layout_basic, nemelex_spade_bored_becter

Skill      XL: |  1  2  3  4  5  6  7  8  9 |
---------------+----------------------------+-----
Axes           | 1 2 3 4 5 7 |  7.7
Fighting       | 1 2 3 5 |  5.1
Armour         | 1 2 3 |  3.0
Shields        | 4 5 |  5.0
Dodging        | |  1.7
Stealth        | |  2.1
Spellcasting   | |  1.7
Summonings     | |  3.6

Action                   |  1- 3 |  4- 6 |  7- 9 || total
-------------------------+-------+-------+-------++-------
Melee: Flail             |    67 |   115 |    21 ||   203
       Unarmed           |     4 |       |       ||     4
       Punch             |       |     3 |       ||     3
       Hand axe          |       |       |   401 ||   401
       War axe           |       |       |    48 ||    48
 Cast: Summon Small Mamm |    33 |       |       ||    33
  Use: Scroll            |     2 |     4 |    11 ||    17
       Potion            |     2 |       |     5 ||     7
Armor: Robe              |    15 |       |       ||    15
       Ring mail         |    12 |    49 |   102 ||   163
       Chain mail        |       |       |    51 ||    51
Dodge: Dodged            |    57 |    71 |   191 ||   319
Block: Kite shield       |       |       |   167 ||   167

Table legend:
 A = Non-vault XP
 B = Vault XP
 C = Vault XP percentage of total XP
 D = Non-vault monster count
 E = Vault monster count
 F = Vault count percentage of total count
                 A         B        C        D         E       F
            +---------+---------+-------+---------+---------+-------
      Total |    1948 |    1048 |  35.0 |      97 |      59 |  37.8
            +---------+---------+-------+---------+---------+-------
        D:1 |      29 |       0 |   0.0 |      17 |       0 |   0.0
        D:2 |      74 |      84 |  53.2 |      17 |       8 |  32.0
        D:3 |     108 |     409 |  79.1 |      14 |       2 |  12.5
        D:4 |     533 |      12 |   2.2 |      21 |       6 |  22.2
        D:5 |     511 |     186 |  26.7 |       9 |       7 |  43.8
        D:6 |     693 |       0 |   0.0 |      19 |       0 |   0.0
    Ossuary |       0 |     357 | 100.0 |       0 |      36 | 100.0
            +---------+---------+-------+---------+---------+-------
